 Dungeon Crawl Stone Soup version 0.30-a0-364-gf6b3ef1049 (webtiles) character file.

Game seed: 16353551238809124466

5733 iguanaiguana the Thaumaturge (level 11, -3/89 HPs)
             Began as a Meteoran Fire Elementalist on Nov 16, 2022.
             Was a Believer of Cheibriados.
             Killed by an exploding cyclops (21 damage)
             ... ignited by their inner flame
             ... on level 8 of the Dungeon.
             The game lasted 00:38:32 (3482 turns).

iguanaiguana the Thaumaturge (MeFE)                 Turns: 3482, Time: 00:38:33

Health: -3/89      AC:  7    Str: 12    XL:     11   Next: 25%
Magic:  0/25       EV: 17    Int: 26    God:    Cheibriados [**....]
Gold:   360        SH:  0    Dex: 27    Spells: 18/29 levels left

rFire   . . .      SeeInvis +    M - +1 demon whip (venom)
rCold   . . .      Faith    .    (no shield)
rNeg    . . .      Spirit   +    a - +0 robe
rPois   .          Reflect  .    K - +2 hat of Muttered Phrases {+Blink Str-3 Dex+7 SInv}
rElec   .          Harm     .    (no cloak)
rCorr   .          Rampage  .    w - +2 pair of gloves
Will    +....                    (no boots)
Stlth   +.........               F - amulet of guardian spirit
HPRegen 0.34/turn                (no ring)
MPRegen 0.19/turn                (no ring)

@: glowing, very slow
A: sense surroundings 2, otherworldly, glowing, explore regen
a: Renounce Religion, Evoke Blink, Bend Time


You were on level 8 of the Dungeon.
You worshipped Cheibriados.
Cheibriados was pleased with you.
You visited 2 branches of the dungeon, and saw 10 of its levels.

You collected 360 gold pieces.

Inventory:

Hand Weapons
 M - a +1 demon whip of venom (weapon)
Missiles
 h - 15 poisoned darts
 L - 2 boomerangs
Armour
 a - a +0 robe (worn)
 w - a +2 pair of gloves (worn)
 z - a +2 hat
 K - the +2 hat of Muttered Phrases (worn) {+Blink Str-3 Dex+7 SInv}
   (You found it on level 8 of the Dungeon)

   Str:       It affects your strength (-3).
   Dex:       It affects your dexterity (+7).
   SInv:      It lets you see invisible.
   +Blink:    It lets you blink.
Magical Staves
 x - a staff of air
Jewellery
 F - an amulet of guardian spirit (around neck)
Wands
 y - a wand of polymorph (9)
 A - a wand of mindburst (8)
 H - a wand of flame (7)
Scrolls
 c - a scroll of amnesia {unknown}
 e - a scroll of fog
 g - a scroll of immolation {unknown}
 j - 2 scrolls of acquirement {unknown}
 n - 3 scrolls of enchant armour {unknown}
 o - a scroll of poison {unknown}
 q - a scroll of blinking {unknown}
 r - 2 scrolls of vulnerability {unknown}
 C - 2 scrolls of torment {unknown}
 E - 2 scrolls of teleportation {unknown}
 J - a scroll of noise {unknown}
 N - a scroll of enchant weapon {unknown}
Potions
 b - 3 potions of magic
 d - 6 potions of curing {@q1}
 f - a potion of lignification
 i - a potion of mutation
 k - 2 potions of haste {@q4}
 l - 2 potions of brilliance
 m - 3 potions of degeneration {unknown}
 p - a potion of cancellation
 t - 3 potions of heal wounds {unknown}
 u - a potion of ambrosia {unknown}
 v - a potion of might {unknown}
 B - 4 potions of berserk rage {unknown}
 D - a potion of resistance {unknown}
 G - a potion of flight {unknown}
 I - a potion of attraction {unknown}


   Skills:
 - Level 6.0 Fighting
 - Level 6.0 Dodging
 - Level 1.4 Stealth
 + Level 9.8 Spellcasting
 - Level 3.0 Conjurations
 - Level 4.0 Hexes
 - Level 4.0 Translocations
 - Level 8.0 Fire Magic
 - Level 4.0 Air Magic
 - Level 4.0 Earth Magic
 - Level 6.0 Invocations
 - Level 5.4 Evocations


You had 18 spell levels left.
You knew the following spells:

 Your Spells              Type           Power      Damage    Failure   Level
a - Foxfire               Conj/Fire      100%       2x1d9     1%          1
b - Scorch                Fire           100%       2d10      1%          2
c - Inner Flame           Hex/Fire       44%        N/A       1%          3
d - Passwall              Tmut/Erth      19%        N/A       3%          2
e - Kindle Blastsparks    Fire/Tloc/Air  80%        2d16      1%          3

Your spell library contained the following spells:

 Spells                   Type           Power      Damage    Failure   Level
 Sandblast                Erth           66%        2d15      1%          1
 Stone Arrow              Conj/Erth      62%        3d10      3%          3
 Flame Wave               Conj/Fire      41%        2d11      4%          4


Dungeon Overview and Level Annotations

Branches:
Dungeon (9/15) Zot: 3333   Temple (1/1) D:4 Zot: 688
   Lair: D:8-11         Orc: D:9-12

Altars:
Ashenzari
Cheibriados
Dithmenos
Elyvilon
Hepliaklqana
Kikubaaqudgha
Makhleb
Qazlal
Ru
Sif Muna
Uskayaw
Vehumet
Wu Jian
Xom
Yredelemnul
Zin
The Shining One

Shops:
D:2 [


Innate Abilities, Weirdness & Mutations

You passively map the area around you.
You are easily found by Zot.
You glow in the dark.
You regain HP and MP as you explore.


Message History

The death knight offers itself to Yredelemnul, and fills with unholy energy.
Your foxfire dissipates!
The death knight is moderately wounded. a +0 short sword; a +0 club; a kobold corpse
Casting: Foxfire (safe; 1% risk of failure)
Confirm with . or Enter, or press ? or * to list all spells.
Flames lash the death knight.
The death knight is moderately wounded.
The death knight's fire resistance burns away.
The death knight reflects your damage back at you!
The death knight hits you with a +1 battleaxe!!
* * * LOW HITPOINT WARNING * * *
The death knight is no longer blind.
Casting: Scorch (safe; 1% risk of failure)
Confirm with . or Enter, or press ? or * to list all spells.
Flames lash the death knight.
The death knight is burned terribly!
The death knight is heavily wounded.
The death knight reflects your damage back at you!
* * * LOW HITPOINT WARNING * * *
The death knight hits you with a +1 battleaxe.
* * * LOW HITPOINT WARNING * * *
The death knight attacks as you move away!
The death knight hits you with a +1 battleaxe!
* * * LOW HITPOINT WARNING * * *
The cyclops is no longer blind.
Aiming: Bolt of Light
Press: ? - help, Shift-Dir - straight line, f/p - cyclops
Aim: a cyclops, quivering large rocks (almost dead, inner flame, 98% to hit)
The bolt of light hits the death knight.
The death knight is heavily wounded.
The death knight is blinded.
The bolt of light hits the cyclops.
Cheibriados appreciates the change of pace.
The now-empty wand crumbles to dust.
The cyclops explodes!
The fiery explosion engulfs the death knight!!!
The death knight is burned terribly!
You kill the death knight!
Cheibriados thoroughly appreciates the change of pace.
The fiery explosion engulfs you!!
You die...

#..., #.........# ** *
,*#....* #.........#
#.... * #.........#
,......* #.........#
*,......#######'######,*
* ..........# #.# ,*
,..........# #.# , *
.........§###.#
.............§§§@>#
..........#######.# *,
.^..###### #.# * .....##
#.# * ..[...##
#######'## .......#
......)..# , .......#
.........# *, .......#,
.........# .......#
.........# *


There were no monsters in sight!

Vanquished Creatures
  A death knight (D:8)
  A two-headed ogre (D:9)
  Amaemon (D:8)
  A cyclops (D:8)
  An orange demon (D:8)
  A gargoyle (D:8)
  A hornet (D:9)
  6 yaks
  Eustachio (D:4)
  3 water moccasins
  An orc warrior (D:9)
  2 sky beasts (D:7)
  A black bear (D:5)
  An ogre (D:4)
  4 centaurs
  2 phantoms
  The ghost of purpskrrrp the Shooter, an amateur KoWn (D:3)
  A kobold brigand (D:8)
  A bullfrog (D:8)
  A gnoll sergeant (D:9)
  2 scorpions
  7 wights
  A killer bee (D:9)
  4 hounds
  A howler monkey (D:4)
  A jelly (D:6)
  2 orc priests
  A gnoll bouda (D:8)
  3 iguanas
  Jessica (D:3)
  5 orc wizards
  Robin (D:3)
  7 gnolls
  5 adders
  2 shadow imps (D:7)
  2 white imps
  2 ufetubi
  A worm (D:3)
  A dart slug (D:3)
  18 orcs
  2 ball pythons
  4 bats
  5 endoplasms
  A giant cockroach (D:4)
  9 hobgoblins
  6 jackals
  9 kobolds
  4 quokkas
  2 frilled lizards
  15 goblins
156 creatures vanquished.

Vanquished Creatures (others)
  An unseen horror (D:8)
  290 foxfires
  2 fungi (D:3)
  3 toadstools (D:3)
296 creatures vanquished.

Grand Total: 452 creatures vanquished

Notes
Turn   | Place    | Note
-------+----------+-------------------------------------------
     0 | D:1      | iguanaiguana the Meteoran Fire Elementalist began the quest
                  | for the Orb.
     0 | D:1      | Reached XP level 1. HP: 14/14 MP: 5/5
   151 | D:1      | Reached XP level 2. HP: 20/20 MP: 6/6
   206 | D:1      | Reached XP level 3. HP: 26/26 MP: 2/8
   361 | D:3      | Found a runed translucent gate.
   361 | D:3      | Found a runed translucent gate.
   362 | D:3      | Found a runed translucent gate.
   364 | D:3      | Noticed purpskrrrp's ghost (amateur KoWn)
   378 | D:3      | Learned a level 2 spell: Scorch
   384 | D:3      | Killed purpskrrrp's ghost
   385 | D:3      | Reached skill level 5 in Fire Magic
   385 | D:3      | Reached XP level 4. HP: 33/33 MP: 0/9
   385 | D:3      | Reached XP level 5. HP: 38/38 MP: 0/10
   526 | D:2      | Found Kosec's Armour Shoppe.
   686 | D:3      | Noticed Jessica
   702 | D:3      | Reached skill level 1 in Hexes
   702 | D:3      | Killed Jessica
   727 | D:3      | Reached XP level 6. HP: 27/45 MP: 7/11
   918 | D:3      | Noticed Robin
   940 | D:3      | Killed Robin
  1251 | D:4      | Reached XP level 7. HP: 50/50 MP: 7/12
  1255 | D:4      | Learned a level 3 spell: Inner Flame
  1295 | D:5      | Entered Level 5 of the Dungeon
  1493 | D:4      | Noticed Eustachio
  1506 | D:4      | Killed Eustachio
  1507 | D:4      | Reached skill level 1 in Fighting
  1507 | D:4      | Reached skill level 3 in Spellcasting
  1507 | D:4      | Reached XP level 8. HP: 28/59 MP: 6/14
  1661 | D:6      | Reached skill level 4 in Spellcasting
  1782 | D:7      | Found a shimmering altar of Xom.
  1875 | D:6      | Found a sacrificial altar of Ru.
  2009 | D:5      | Learned a level 2 spell: Passwall
  2079 | D:5      | Gained mutation: You passively map the area around you.
                  | [Meteoran growth]
  2079 | D:5      | Reached XP level 9. HP: 65/69 MP: 10/16
  2328 | D:4      | Found a staircase to the Ecumenical Temple.
  2333 | Temple   | Entered the Ecumenical Temple
  2424 | Temple   | Became a worshipper of Cheibriados the Contemplative
  2580 | D:8      | Reached skill level 1 in Air Magic
  2604 | D:7      | Learned a level 3 spell: Kindle Blastsparks
  2629 | D:7      | Reached skill level 5 in Spellcasting
  2699 | D:8      | Reached skill level 5 in Dodging
  2712 | D:8      | Identified the +2 hat of Muttered Phrases {+Blink Str-3
                  | Dex+7 SInv}
  2740 | D:8      | Found a burning altar of Makhleb.
  2774 | D:8      | Reached skill level 6 in Spellcasting
  2774 | D:8      | Reached XP level 10. HP: 41/80 MP: 4/20
  2777 | D:8      | Reached * piety under Cheibriados
  2778 | D:8      | Reached skill level 5 in Fighting
  2787 | D:8      | Found a radiant altar of Vehumet.
  2787 | D:8      | Noticed Amaemon
  2856 | D:8      | Noticed an orange demon
  2866 | D:8      | Killed an orange demon
  2867 | D:8      | Reached skill level 7 in Spellcasting
  2868 | D:8      | Killed Amaemon
  2869 | D:8      | Reached skill level 8 in Spellcasting
  2959 | D:8      | Noticed an unseen horror
  2960 | D:8      | Noticed a cyclops
  2960 | D:8      | Noticed a manticore
  2960 | D:8      | Noticed a gargoyle
  2962 | D:8      | Noticed a gargoyle
  2967 | D:8      | Noticed a death knight
  2967 | D:8      | Killed an unseen horror
  2979 | D:8      | Killed a gargoyle
  3028 | D:7      | Reached skill level 1 in Evocations
  3198 | D:9      | Noticed a two-headed ogre
  3206 | D:9      | Killed a two-headed ogre
  3207 | D:9      | Reached skill level 5 in Evocations
  3207 | D:9      | Reached XP level 11. HP: 74/89 MP: 2/24
  3239 | D:9      | Found an ancient bone altar of Kikubaaqudgha.
  3249 | D:9      | Found a broken altar of Ashenzari.
  3312 | D:9      | Reached ** piety under Cheibriados
  3357 | D:9      | Found a hazy altar of Hepliaklqana.
  3369 | D:9      | Reached skill level 9 in Spellcasting
  3482 | D:8      | Killed a cyclops
  3482 | D:8      | Killed a death knight
  3482 | D:8      | Killed by an exploding cyclops... ignited by their inner
                  | flame

Illustrated notes

Levels and vault maps discovered:
D:1:      scummos_arrival_forest, layout_basic, nrook_mini_vaults,
          corner_web_ring
D:2:      layout_basic, serial_shops, shop, chequers_serial_rivers_small_3
D:3:      layout_loops_corners, mainiacjoe_overflow_brackets,
          chequers_ecumenical_altar_twisty, gammafunk_ghost_split, st_stairs_4,
          minmay_gold_behind_fungi, minmay_misc_feat_tower, uniq_natasha,
          uniq_robin, uniq_jessica
D:4:      layout_loops_ring, minmay_temple_entry_statues_pillars, uniq_eustachio
D:5:      layout_basic, minivault_19
D:6:      layout_rooms, general_overflow_altar
D:7:      layout_basic, kennysheep_mini, amethyst_killhole
D:8:      minmay_blocky_corners, layout_basic, makhleb_altar_promises_db,
          nicolae_vehumet_altar_sigil, uniq_amaemon
D:9:      minmay_the_grid_net [minmay_the_grid_garden,
          minmay_the_grid_zigzag_pyramid, minmay_the_grid_outer_diamond,
          minmay_the_grid_holed_spiral, minmay_the_grid_minigrid_medium,
          minmay_the_grid_prize_inner_circle], layout_stronghold,
          mainiacjoe_overflow_surrounded_room,
          mainiacjoe_overflow_large_starburst, st_stairs_11,
          chequers_serial_rivers_small_3
Temple:   hellmonk_temple_beads

Skill      XL: |  1  2  3  4  5  6  7  8  9 10 11 |
---------------+----------------------------------+-----
Conjurations   | 2 3 |  3.0
Fire Magic     | 4 5 6 7 8 |  8.0
Hexes          | 1 3 4 |  4.0
Fighting       | 1 3 4 6 |  6.0
Dodging        | 3 4 5 6 |  6.0
Spellcasting   | 3 4 6 8 9 |  9.8
Translocations | 3 4 |  4.0
Earth Magic    | 3 4 |  4.0
Air Magic      | 4 |  4.0
Invocations    | 6 |  6.0
Evocations     | 5 |  5.4
Stealth        | |  1.4

Action                   |  1- 3 |  4- 6 |  7- 9 | 10-12 || total
-------------------------+-------+-------+-------+-------++-------
Melee: Unarmed           |     5 |    13 |       |       ||    18
       Dagger            |       |    24 |     7 |       ||    31
       Punch             |       |     1 |       |     2 ||     3
       Hand axe          |       |       |     2 |     1 ||     3
       Demon whip        |       |       |       |    32 ||    32
Throw: Dart              |       |       |     1 |       ||     1
 Cast: Foxfire           |    21 |    55 |    57 |    38 ||   171
       Scorch            |     4 |    16 |    38 |    44 ||   102
       Inner Flame       |       |       |     5 |    12 ||    17
       Passwall          |       |       |     2 |    10 ||    12
       Kindle Blastspark |       |       |     3 |       ||     3
Evoke: Wand              |       |       |    10 |     9 ||    19
  Use: Potion            |     2 |       |       |       ||     2
       Scroll            |       |       |     8 |       ||     8
 Stab: Invisible         |       |       |     1 |     1 ||     2
       Sleeping          |       |       |       |     1 ||     1
Armor: Robe              |     1 |    28 |    17 |    19 ||    65
       Skin              |     9 |     1 |       |       ||    10
Dodge: Dodged            |     8 |    56 |    43 |    92 ||   199

Table legend: (Time is in decaauts)
 A = Elapsed time spent in this place.
 B = Non-inter-level travel time spent in this place.
 C = Inter-level travel time spent in this place.
 D = Time resting spent in this place.
 E = Time spent auto-exploring this place.
 F = Levels seen in this place.
 G = Mean time per level.
                   A        B        C        D        E       F      G
               +--------+--------+--------+--------+--------+-----+--------+
         Total |   3763 |   3374 |    389 |      7 |      0 |  10 |  376.3 |
       Dungeon |   3597 |   3297 |    300 |      7 |      0 |   9 |  399.7 |
        Temple |    165 |     76 |     89 |      0 |      0 |   1 |  165.0 |
               +--------+--------+--------+--------+--------+-----+--------+

Top non-repeatable levels by time:
     D:8: 647 daAuts
     D:4: 493 daAuts
     D:3: 472 daAuts
     D:5: 442 daAuts
     D:6: 364 daAuts
     D:7: 359 daAuts
     D:2: 283 daAuts
     D:9: 271 daAuts
     D:1: 264 daAuts
  Temple: 165 daAuts
